Map: Saalok station

Players

Tesla - Winner!

  • Race: Protoss Protoss

CamOnRusher

  • Race: Protoss Protoss

VOD

Have the link to the VOD?

Description

because https://www.twitch.tv/gosu_pvp is awesome :D

Time

  • Played on: July 23, 2016, 12:31 p.m.
  • Length: 14:32
Show
View Real Time Build Order
Export as new Build Order

Tesla Protoss - Winner!

Build Orders: Blink Stalkers 

Get SALT Encoding   

  12  0:01  Probe (Chrono Boost)  
  13  0:11  Probe (Chrono Boost)  
  14  0:18  Pylon  
  14  0:22  Probe (Chrono Boost)  
  15  0:37  Probe (Chrono Boost)  
  15  0:38  Gateway  
  16  0:45  Assimilator  
  16  0:47  Probe (Chrono Boost)  
  17  0:58  Probe (Chrono Boost)  
  17  1:02  Pylon  
  18  1:08  Probe (Chrono Boost)  
  19  1:12  Assimilator  
  19  1:19  Probe (Chrono Boost)  
  20  1:27  Cybernetics Core  
  20  1:30  Probe (Chrono Boost)  
  21  1:35  Zealot  
  23  1:42  Probe (Chrono Boost)  
  24  1:49  Warp Gate  
  25  1:54  Probe (Chrono Boost)  
  25  2:06  Probe (Chrono Boost)  
  26  2:20  Mothership Core (Chrono Boost), Pylon  
  28  2:39  Nexus  
  28  2:40  Probe (Chrono Boost)  
  30  2:52  Probe (Chrono Boost)  
  30  3:04  Probe (Chrono Boost)  
  30  3:05  Twilight Council  
  31  3:06  Pylon  
  31  3:16  Probe (Chrono Boost)  
  32  3:22  Gateway  
  32  3:24  Pylon  
  33  3:28  Probe (Chrono Boost)  
  33  3:32  Blink  
  33  3:37  Forge  
  33  3:40  Probe (Chrono Boost)  
  34  3:52  Probe x2 (Chrono Boost)  
  36  4:00  Pylon, Protoss Ground Weapons Level 1  
  37  4:03  Probe (Chrono Boost)  
  37  4:04  Probe (Chrono Boost)  
  38  4:11  Sentry  
  38  4:15  Probe (Chrono Boost)  
  41  4:19  Probe (Chrono Boost)  
  41  4:23  Assimilator  
  42  4:27  Assimilator, Probe (Chrono Boost)  
  42  4:30  Sentry  
  46  4:31  Probe (Chrono Boost)  
  47  4:39  Probe (Chrono Boost), Stalker  
  47  4:43  Probe (Chrono Boost)  
  50  4:51  Probe (Chrono Boost)  
  51  4:54  Adept  
  51  4:55  Probe (Chrono Boost)  
  51  4:59  Gateway  
  54  5:03  Probe (Chrono Boost), Stalker  
  58  5:07  Probe (Chrono Boost)  
  59  5:15  Probe (Chrono Boost)  
  59  5:19  Probe (Chrono Boost)  
  59  5:20  Robotics Facility, Resonating Glaives  
  60  5:24  Stalker  
  62  5:29  Stalker  
  62  5:34  Probe (Chrono Boost)  
  62  5:35  Probe (Chrono Boost)  
  66  5:39  Protoss Ground Armor Level 1  
  66  5:44  Stargate  
  66  5:45  Gateway  
  66  5:47  Gateway  
  66  5:50  Pylon  
  66  5:55  Stalker  
  68  5:58  Adept  
  70  6:09  Stalker  
  72  6:24  Stalker x2  
  76  6:30  Warp Prism  
  78  6:35  Probe x2 (Chrono Boost)  
  79  6:45  Adept  
  81  6:48  Nexus  
  81  6:49  Adept  
  81  6:50  Assimilator  
  81  6:51  Adept  
  85  6:55  Assimilator  
  85  6:57  Pylon  
  85  7:05  Pylon  
  85  7:07  Pylon  
  85  7:10  Pylon  
  85  7:14  Pylon  
  85  7:17  Pylon  
  85  7:18  Probe (Chrono Boost)  
  85  7:19  Probe (Chrono Boost)  
  87  7:26  Stalker  
  87  7:27  Stalker  
  93  7:30  Probe (Chrono Boost)  
  93  7:31  Probe (Chrono Boost)  
  93  7:34  Stalker  
  93  7:36  Adept  
  97  7:39  Observer  
  97  7:43  Probe x2 (Chrono Boost)  
  100  7:48  Stalker  
  92  8:08  Adept  
  92  8:09  Adept x3  
  84  8:23  Stalker  
  82  8:29  Stalker x3  
  82  8:30  Stalker, Protoss Ground Weapons Level 2  
  84  8:39  Immortal  
  76  8:49  Stalker  
  80  8:58  Mothership Core (Chrono Boost)  
  80  8:59  Stalker x4  
  88  9:28  Stalker x5  
  92  9:54  Stalker x5  
  90  10:08  Probe (Chrono Boost)  
  90  10:09  Probe x2 (Chrono Boost)  
  93  10:18  Probe (Chrono Boost)  
  86  10:21  Probe x2 (Chrono Boost)  
  86  10:40  Adept x3  
  86  10:41  Adept x2  
  92  10:52  Immortal  
  96  11:01  Stalker  
  96  11:02  Stalker x4  
  100  11:30  Stalker x4  
  100  11:31  Stalker, Immortal  
  100  12:02  Stalker x3  
  100  12:03  Stalker x2  
  96  12:28  Stalker x5  
  102  12:33  Immortal  
  106  12:44  Gateway  
  106  12:46  Gateway  
  106  12:49  Gateway  
  106  12:52  Gateway  
  106  12:54  Gateway  
  106  12:57  Pylon  
  102  13:00  Stalker x3  
  102  13:21  Stalker  
  102  13:22  Stalker  
  102  13:25  Adept  
  102  13:26  Adept x2  
  90  13:47  Stalker x5  
  100  13:49  Stalker  
  100  13:51  Stalker  
  102  14:05  Stalker x2  
  102  14:06  Stalker  
Show
View Real Time Build Order
Export as new Build Order

CamOnRusher Protoss 

Build Orders: 1 Gate Expand 

Get SALT Encoding   

  12  0:04  Probe (Chrono Boost)  
  13  0:14  Probe (Chrono Boost)  
  13  0:20  Pylon  
  14  0:25  Probe (Chrono Boost)  
  15  0:38  Probe (Chrono Boost)  
  15  0:40  Gateway  
  16  0:48  Probe (Chrono Boost)  
  17  0:59  Probe (Chrono Boost)  
  18  1:10  Probe (Chrono Boost)  
  19  1:22  Nexus  
  20  1:25  Probe (Chrono Boost)  
  20  1:33  Assimilator  
  20  1:37  Pylon  
  20  1:39  Probe (Chrono Boost)  
  21  1:56  Probe (Chrono Boost)  
  21  1:57  Cybernetics Core  
  22  2:06  Probe (Chrono Boost)  
  23  2:17  Probe (Chrono Boost)  
  23  2:20  Warp Gate  
  24  2:28  Probe (Chrono Boost)  
  25  2:39  Assimilator  
  25  2:40  Probe (Chrono Boost), Stalker  
  28  2:47  Probe (Chrono Boost)  
  29  2:56  Gateway  
  29  3:01  Probe (Chrono Boost)  
  29  3:02  Probe (Chrono Boost)  
  31  3:12  Probe (Chrono Boost)  
  32  3:23  Probe (Chrono Boost)  
  33  3:31  Nexus, Probe (Chrono Boost)  
  33  3:33  Assimilator  
  34  3:37  Assimilator, Pylon, Probe (Chrono Boost)  
  35  3:42  Probe (Chrono Boost)  
  35  3:45  Pylon  
  37  3:57  Probe (Chrono Boost)  
  37  3:58  Stalker x2  
  41  4:03  Gateway  
  41  4:05  Probe (Chrono Boost)  
  43  4:10  Probe (Chrono Boost)  
  43  4:19  Probe (Chrono Boost), Robotics Facility  
  44  4:29  Gateway  
  44  4:34  Probe x2 (Chrono Boost)  
  46  4:40  Stalker x2  
  46  4:44  Probe x2 (Chrono Boost)  
  52  4:46  Probe (Chrono Boost)  
  53  4:55  Probe (Chrono Boost)  
  56  5:00  Probe x2 (Chrono Boost)  
  56  5:03  Assimilator  
  56  5:05  Probe (Chrono Boost)  
  56  5:06  Assimilator  
  57  5:08  Stalker x2  
  57  5:10  Probe (Chrono Boost)  
  57  5:11  Observer  
  57  5:14  Probe (Chrono Boost)  
  64  5:16  Probe (Chrono Boost)  
  65  5:26  Probe x2 (Chrono Boost)  
  67  5:31  Twilight Council, Probe (Chrono Boost)  
  67  5:33  Pylon  
  68  5:38  Probe (Chrono Boost)  
  69  5:46  Pylon  
  69  5:53  Probe (Chrono Boost)  
  69  5:55  Forge  
  69  5:56  Probe (Chrono Boost)  
  69  5:57  Probe (Chrono Boost), Forge  
  72  5:58  Pylon  
  72  6:02  Blink  
  72  6:07  Robotics Bay, Probe (Chrono Boost)  
  72  6:10  Pylon  
  73  6:12  Immortal  
  73  6:14  Probe (Chrono Boost)  
  78  6:34  Protoss Ground Armor Level 1  
  78  6:36  Stalker x3  
  78  6:37  Protoss Ground Weapons Level 1  
  78  6:39  Photon Cannon, Sentry  
  88  6:41  Probe x2 (Chrono Boost)  
  88  6:44  Nexus  
  88  6:46  Pylon  
  88  6:56  Nexus  
  88  7:00  Probe (Chrono Boost)  
  88  7:01  Probe (Chrono Boost)  
  90  7:02  Sentry x2  
  90  7:03  Extended Thermal Lance  
  94  7:11  Colossus  
  94  7:19  Photon Cannon  
  101  7:24  Photon Cannon, Probe (Chrono Boost)  
  101  7:25  Probe (Chrono Boost)  
  101  7:29  Photon Cannon  
  102  7:31  Sentry x3  
  102  7:32  Sentry  
  110  7:39  Forge  
  110  7:44  Probe x2 (Chrono Boost)  
  113  7:45  Probe (Chrono Boost)  
  113  7:47  Pylon  
  113  7:57  Sentry  
  96  8:19  Sentry x2  
  93  8:20  Sentry  
  91  8:27  Gateway  
  91  8:28  Gateway  
  91  8:29  Pylon  
  91  8:30  Gateway  
  91  8:31  Pylon  
  91  8:32  Pylon, Mothership Core (Chrono Boost)  
  91  8:33  Pylon, Probe (Chrono Boost)  
  89  8:34  Probe (Chrono Boost)  
  89  8:35  Pylon  
  89  8:36  Pylon  
  74  8:50  Twilight Council  
  74  8:52  Stalker x3  
  74  8:53  Stalker  
  72  9:01  Probe (Chrono Boost)  
  71  9:04  Photon Cannon  
  71  9:08  Photon Cannon  
  68  9:15  Stalker x4  
  72  9:24  Robotics Facility  
  72  9:26  Robotics Facility  
  72  9:28  Pylon  
  67  9:38  Stalker  
  67  9:39  Stalker x5  
  74  10:01  Pylon  
  74  10:02  Cybernetics Core  
  74  10:17  Stalker x2  
  74  10:18  Stalker  
  80  10:39  Cybernetics Core  
  75  10:48  Pylon  
  75  10:49  Pylon  
  73  10:59  Assimilator  
  73  11:00  Assimilator  
  73  11:03  Pylon, Gateway  
  73  11:04  Gateway  
  73  11:07  Stalker x2  
  73  11:08  Gateway, Stalker  
  63  11:27  Robotics Facility  
  63  11:29  Robotics Facility  
  63  11:33  Zealot x3  
  65  11:53  Stalker  
  65  11:54  Stalker x2  
  57  12:24  Stalker  
  57  12:25  Stalker x2  
  57  12:26  Probe (Chrono Boost)  
  57  12:27  Probe (Chrono Boost), Immortal  
  59  12:39  Probe (Chrono Boost)  
  54  12:45  Robotics Facility  
  47  12:51  Zealot x2  
  47  12:52  Zealot  
  49  13:02  Probe (Chrono Boost), Immortal  
  49  13:15  Probe (Chrono Boost)  
  49  13:17  Assimilator, Probe (Chrono Boost)  
  47  13:25  Zealot  
  47  13:26  Zealot x2  
  39  13:33  Immortal  
  33  13:41  Probe x2 (Chrono Boost)  
  33  13:50  Stalker x3  
Tags
 
Add a new tag
Caveats
  • Supply blocks, unpowered buildings, or Contaminate may cause inaccurate times.
  • Supply counts are checked every 10 seconds.